 Dungeon Crawl Stone Soup version 0.27-a0-1184-ge86db4a01e (webtiles) character file.

Game seed: 16463897886953842467

104941 rjrrt the Severer (level 15, -20/181 HPs)
             Began as a Demonspawn Berserker on May 17, 2021.
             Was a High Priest of Trog.
             Demolished by a merfolk impaler
             ... wielding a +2 demon trident of electrocution
              (24 damage)
             ... on level 1 of the Shoals on May 18, 2021.
             The game lasted 00:49:42 (34105 turns).

rjrrt the Severer (Demonspawn Berserker)           Turns: 34105, Time: 00:49:43

Health: -20/181    AC: 21    Str: 24    XL:     15   Next: 93%
Magic:  15/15      EV: 16    Int:  8    God:    Trog [*****.]
Gold:   2102       SH:  0    Dex: 13    Spells: 14/14 levels left

rFire    . . .     SeeInvis .   a - +3 broad axe (flame)
rCold    + . .     Faith    .   (no shield)
rNeg     . . .     Spirit   .   G - quicksilver dragon scales
rPois    +         Reflect  .   (helmet restricted)
rElec    .         Harm     .   q - +0 cloak
rCorr    .         Rampage  .   B - +0 pair of gloves
Will     ++...                  Q - +1 pair of boots
Stlth    ..........             i - amulet of the acrobat
HPRegen  0.40/turn              L - ring of Zenizy {rC+ Slay+3}
MPRegen  0.14/turn              T - ring of poison resistance

@: berserking, studying 2 skills, very quick
A: horns 1, yellow scales 1, powered by pain 2, demonic magic 3
a: Renounce Religion, Berserk, Trog's Hand, Brothers in Arms


You were on level 1 of the Shoals.
You worshipped Trog.
Trog was extremely pleased with you.
You visited 4 branches of the dungeon, and saw 24 of its levels.

You collected 2102 gold pieces.

Inventory:

Hand Weapons
 a - a +3 broad axe of flaming (weapon)
 c - a +4 executioner's axe
 y - a +5 battleaxe
 J - a +2 demon trident
Missiles
 b - 5 javelins (quivered)
 j - 5 atropa-tipped darts
 s - 6 curare-tipped darts
 C - 2 throwing nets
 U - 6 boomerangs of dispersal
Armour
 q - a +0 cloak (worn)
 B - a +0 pair of gloves (worn)
 G - quicksilver dragon scales (worn)
 Q - a +1 pair of boots (worn)
Jewellery
 i - an amulet of the acrobat (around neck)
 t - a +4 ring of protection
 v - a ring of see invisible
 K - a ring of protection from cold
 L - the ring of Zenizy (left hand) {rC+ Slay+3}
   (You found it on level 11 of the Dungeon)

   [ring of protection from cold]

   It affects your accuracy and damage with ranged weapons and melee attacks
   (+3).
   It protects you from cold.
 M - a ring of fire
 S - a ring of resist corrosion
 T - a ring of poison resistance (right hand)
 V - a ring of wizardry
Wands
 e - a wand of charming (37)
 h - a wand of iceblast (15)
 u - a wand of flame (36)
 D - a wand of acid (25)
 N - a wand of polymorph (1)
 O - a wand of mindburst (13)
 R - a wand of paralysis (8)
Scrolls
 d - 3 scrolls of enchant armour
 f - 2 scrolls of fear
 g - a scroll of immolation {unknown}
 n - 5 scrolls of teleportation
 A - 8 scrolls of blinking
 E - 10 scrolls of identify
 H - 2 scrolls of magic mapping
 I - 2 scrolls of fog
 P - 2 scrolls of enchant weapon
Potions
 k - 2 potions of ambrosia
 l - a potion of flight
 m - a potion of mutation
 o - a potion of cancellation
 p - a potion of curing
 r - 3 potions of might
 w - 7 potions of haste
 x - 5 potions of heal wounds
 z - 5 potions of invisibility
 F - 2 potions of resistance


   Skills:
 + Level 12.2 Fighting
 * Level 17.3 Axes
 + Level 11.2 Armour
 + Level 11.5 Dodging
 - Level 6.0 Evocations


You had 14 spell levels left.
You didn't know any spells.
Your spell library was empty.

Dungeon Overview and Level Annotations

Branches:
Dungeon (15/15)            Temple (0/1) D:4            Lair (6/6) D:10
 Shoals (1/4) Lair:4       Spider (0/4) Lair:3        Slime (0/5) Lair:6
    Orc (2/2) D:10            Elf (0/3) Orc:2        Vaults (0/5) D:13
 Depths (0/5) D:15

Altars:
Elyvilon
Fedhas
Kikubaaqudgha
Ru
Sif Muna
Trog
Vehumet
Zin
Jiyva

Shops:
D:3 (   D:8 *   D:12 =   Orc:2 ([*?

Annotations:
Lair:3 2 transporters, exclusion: oklob plant, Maken's ghost, journeyman GnWn
Lair:5 3 runed translucent doors, RealJoeEstevez's ghost, journeyman FoEE


Innate Abilities, Weirdness & Mutations

You have a pair of small horns on your head.
You are partially covered in yellow scales. (AC +2)
You sometimes gain power by taking damage.
Spells you cast and wands you use may paralyse nearby enemies.


Message History

Things that are here:
a +2 shortbow of freezing; 20 arrows; a centaur corpse The merfolk impaler shouts!
A merfolk impaler is nearby!
Things that are here:
a +2 shortbow of freezing; 20 arrows; a centaur corpse You start waiting.
A merfolk impaler is nearby!
The merfolk impaler misses you.
You hit the merfolk impaler. You burn the merfolk impaler.
The merfolk impaler is lightly wounded.
The merfolk impaler hits you but does no damage.
You are electrocuted!
The merfolk impaler drinks a potion.
The merfolk impaler goes berserk!
You closely miss the merfolk impaler. You headbutt the merfolk impaler!
The merfolk impaler is lightly wounded.
The merfolk impaler closely misses you.
You slash the merfolk impaler! You burn the merfolk impaler.
Your headbutt misses the merfolk impaler.
The merfolk impaler is moderately wounded.
The merfolk impaler hits you with a +2 demon trident of electrocution! x2
You are electrocuted!
You miss the merfolk impaler.
The merfolk impaler is moderately wounded.
The merfolk impaler hits you with a +2 demon trident of electrocution!
You are electrocuted!
* * * LOW HITPOINT WARNING * * *
You are too injured to fight recklessly!
You are too injured to fight recklessly!
You are too injured to fight recklessly!
Unknown command.
A red film seems to cover your vision as you go berserk!
You feel yourself moving faster!
You feel mighty! The merfolk impaler barely misses you.
The merfolk impaler hits you with a +2 demon trident of electrocution!!
* * * LOW HITPOINT WARNING * * *
You are electrocuted!!
* * * LOW HITPOINT WARNING * * *
The merfolk impaler hits you with a +2 demon trident of electrocution!!
You die...

≈...........).##..≈≈≈≈≈
....###.....≈)......≈≈≈≈≈
..####..≈≈≈≈≈≈......≈≈≈≈≈
≈.###...≈≈≈≈≈≈≈≈.≈≈≈≈≈≈≈≈
≈.......≈≈≈≈≈≈≈≈≈≈≈≈≈≈≈≈≈
.........≈≈≈≈≈≈≈≈≈≈≈≈≈≈≈≈
.....≈≈≈..≈≈≈≈≈≈≈≈≈≈≈≈≈≈≈
......≈.≈≈......≈≈≈≈≈≈≈≈≈
≈≈≈≈.≈≈≈≈≈...≈..@≈≈≈≈≈≈≈≈
≈≈≈≈..≈≈≈≈≈.≈≈.##m≈≈≈≈≈≈≈
≈≈≈....≈≈≈....##..≈≈≈≈≈≈≈
≈≈≈≈≈≈≈≈..######..≈≈≈≈≈≈≈
≈≈≈≈≈≈≈≈..# ###...≈≈≈≈≈≈≈
≈ ≈≈.....##.m....≈≈≈≈≈≈
≈..≈...........≈≈≈P≈P
.≈≈≈........≈≈≈≈≈≈P.P
.≈≈≈......(≈≈≈≈≈≈P.##


You could see a merfolk impaler (berserk).

Vanquished Creatures
  An ironbound preserver (D:13)
  A stone giant (D:15)
  A fire dragon (D:14)
  A merfolk impaler (Shoals:1)
  13 hydras
  2 boulder beetles
  3 ogre magi (Orc:2)
  5 catoblepae
  An alligator snapping turtle (Shoals:1)
  8 centaur warriors
  4 death yaks (Lair:6)
  11 two-headed ogres
  2 tengu warriors (D:15)
  Urug (Lair:6)
  Sonja (Lair:6)
  A skeletal warrior (D:13)
  A fire crab (Lair:4)
  A sea snake (Shoals:1)
  2 wizards
  An orc knight (Orc:1)
  A deep elf zephyrmancer (D:14)
  2 orc sorcerers
  3 deep elf pyromancers
  8 manticores
  10 cyclopes
  9 ugly things
  6 elephants (Lair:4)
  2 gargoyles
  A merfolk siren (Shoals:1)
  21 cane toads
  5 black mambas
  A torpor snail (Lair:6)
  A black mamba (shapeshifter) (D:15)
  An unseen horror (D:12)
  A rime drake (Lair:4)
  2 yaktaurs
  11 komodo dragons
  An efreet (D:14)
  A tengu conjurer (D:15)
  A queen bee (D:11)
  5 trolls
  3 polar bears
  4 tyrant leeches (Lair:6)
  5 merfolk (Shoals:1)
  3 meliai (D:14)
  A wind drake (Shoals:1)
  20 blink frogs
  2 slime creatures (D:13)
  7 dream sheep (Lair:6)
  Sigmund (D:4)
  2 wraiths
  A water elemental (Shoals:1)
  35 yaks
  A vampire (D:10)
  3 fire bats (Orc:2)
  17 vampire mosquitoes
  A wyvern (D:7)
  A steam dragon (D:9)
  Grum (D:8)
  2 basilisks (D:14)
  3 wargs
  Edmund (D:4)
  8 water moccasins
  16 orc warriors
  A sky beast (D:8)
  5 black bears
  2 ice beasts (D:6)
  2 necrophages
  5 boggarts
  38 wolves
  16 ogres
  10 centaurs
  A phantom (D:7)
  2 kobold brigands
  Blork the orc (D:6)
  A bullfrog (shapeshifter) (D:14)
  A scorpion (D:6)
  28 bullfrogs
  A gnoll sergeant (D:9)
  A wyvern skeleton (D:6)
  18 killer bees
  7 wights (D:9)
  3 howler monkeys
  3 electric eels
  6 centaur zombies
  A jelly (D:7)
  12 orc priests
  Crazy Yiuf (D:6)
  2 hounds
  An iguana (D:3)
  A bullfrog skeleton (D:6)
  19 orc wizards
  A killer bee zombie (D:6)
  2 howler monkey zombies (D:10)
  5 gnolls
  4 adders
  3 shadow imps
  2 white imps
  A worm (D:2)
  4 dart slugs
  55 orcs
  4 ball pythons
  10 endoplasms
  3 giant cockroaches
  9 goblins
  7 hobgoblins
  2 jackals (D:1)
  A quokka (D:3)
  A bat (D:3)
  8 frilled lizards
  10 kobolds
  4 rats
617 creatures vanquished.

Vanquished Creatures (collateral kills)
  An ogre mage (Orc:2)
  5 two-headed ogres (Orc:2)
  2 ugly things (D:14)
  2 cane toads (Lair:6)
  An efreet (D:13)
  An orc warrior (Orc:2)
  8 ogres (Orc:2)
  2 orcs (Orc:2)
22 creatures vanquished.

Vanquished Creatures (others)
  An orc wizard (D:6)
  2 orcs (D:6)
  37 fungi
  166 plants
206 creatures vanquished.

Grand Total: 845 creatures vanquished

Notes
Turn   | Place    | Note
-------+----------+-------------------------------------------
     0 | D:1      | rjrrt the Demonspawn Berserker began the quest for the Orb.
     0 | D:1      | Reached XP level 1. HP: 18/18 MP: 1/1
   160 | D:1      | Reached skill level 3 in Axes
   348 | D:1      | Gained mutation: You sometimes gain a little power by
                  | taking damage. [demonic ancestry]
   348 | D:1      | Reached XP level 2. HP: 22/24 MP: 2/2
  1259 | D:2      | Gained mutation: You are partially covered in yellow
                  | scales. (AC +2) [demonic ancestry]
  1259 | D:2      | Reached XP level 3. HP: 29/29 MP: 3/3
  1455 | D:2      | Reached skill level 4 in Axes
  2265 | D:2      | Gained mutation: You sometimes gain power by taking damage.
                  | [demonic ancestry]
  2265 | D:2      | Reached XP level 4. HP: 19/35 MP: 4/4
  2588 | D:3      | Reached ** piety under Trog
  2692 | D:3      | Found a faded altar of an unknown god.
  2730 | D:3      | Found Zoplu's Weapon Boutique.
  2879 | D:3      | Found a radiant altar of Vehumet.
  3019 | D:3      | Noticed a centaur
  3041 | D:3      | Reached skill level 5 in Axes
  3043 | D:3      | Killed a centaur
  3044 | D:3      | Reached XP level 5. HP: 41/41 MP: 5/5
  3516 | D:4      | Reached skill level 6 in Axes
  3703 | D:4      | Found a staircase to the Ecumenical Temple.
  4101 | D:4      | Identified the +1 leather armour "Daokuagh" {*Slow rPois
                  | rF+++ rCorr}
  4260 | D:4      | Noticed Sigmund
  4267 | D:4      | Killed Sigmund
  4268 | D:4      | Reached XP level 6. HP: 47/47 MP: 6/6
  4313 | D:4      | Noticed Edmund
  4334 | D:4      | Killed Edmund
  4335 | D:4      | Reached skill level 7 in Axes
  4335 | D:4      | Gained mutation: You have a pair of small horns on your
                  | head. [demonic ancestry]
  4335 | D:4      | Reached XP level 7. HP: 6/52 MP: 7/7
  4772 | D:4      | Found a bloodstained altar of Trog.
  4882 | D:4      | Found Naneef's Antique Armour Emporium.
  4952 | D:5      | Entered Level 5 of the Dungeon
  4974 | D:5      | Found a sacrificial altar of Ru.
  5079 | D:5      | Reached skill level 8 in Axes
  5935 | D:6      | Reached *** piety under Trog
  5936 | D:6      | Reached skill level 9 in Axes
  5936 | D:6      | Gained mutation: Spells you cast may paralyse adjacent
                  | enemies. [demonic ancestry]
  5936 | D:6      | Reached XP level 8. HP: 58/58 MP: 2/8
  6128 | D:6      | Noticed Blork the orc
  6141 | D:6      | Killed Blork the orc
  6659 | D:6      | Found a runed translucent door.
  6660 | D:6      | Noticed Crazy Yiuf
  6665 | D:6      | Killed Crazy Yiuf
  6666 | D:6      | Reached skill level 10 in Axes
  7781 | D:7      | Reached XP level 9. HP: 45/65 MP: 9/9
  7935 | D:7      | Found a shimmering blue altar of Sif Muna.
  8523 | D:8      | Identified the +0 ring mail "Losatuy" {Rampage +Inv rN+
                  | Str-3}
  8548 | D:8      | Found Uqykhlej's Assorted Antiques.
  8663 | D:8      | Reached skill level 11 in Axes
  8678 | D:8      | Reached skill level 5 in Fighting
  8816 | D:8      | Noticed Grum
  8823 | D:8      | Killed Grum
  8838 | D:8      | Gained mutation: Spells you cast may paralyse nearby
                  | enemies. [demonic ancestry]
  8838 | D:8      | Reached XP level 10. HP: 28/74 MP: 10/10
  9551 | D:9      | Identified the +5 ring mail "Wiot" {Harm Dex+4}
  9560 | D:9      | Reached **** piety under Trog
  9990 | D:9      | Found a blossoming altar of Fedhas.
  9993 | D:9      | Found an ancient bone altar of Kikubaaqudgha.
 10413 | D:10     | Entered Level 10 of the Dungeon
 10528 | D:10     | Reached skill level 5 in Armour
 10528 | D:10     | Reached skill level 5 in Dodging
 10671 | D:10     | Reached skill level 12 in Axes
 10737 | D:10     | Found a staircase to the Orcish Mines.
 10868 | D:10     | Noticed a two-headed ogre
 10873 | D:10     | Killed a two-headed ogre
 11163 | D:10     | Found a staircase to the Lair.
 11357 | Lair:1   | Entered Level 1 of the Lair of Beasts
 11611 | Lair:1   | Reached XP level 11. HP: 74/83 MP: 11/11
 11655 | Lair:1   | Reached skill level 1 in Evocations
 13039 | Lair:2   | Noticed a catoblepas
 13054 | Lair:2   | Killed a catoblepas
 13204 | Lair:2   | Noticed a seven-headed hydra
 13227 | Lair:2   | Killed a seven-headed hydra
 13287 | Lair:2   | Identified the +1 scale mail of Tiaketoc {Int+2}
 13328 | Lair:2   | Reached ***** piety under Trog
 13329 | Lair:2   | Reached skill level 13 in Axes
 15108 | Lair:3   | Found a transporter.
 15112 | Lair:3   | Noticed an oklob plant
 15114 | Lair:3   | Noticed a six-headed hydra
 15114 | Lair:3   | Noticed Maken's ghost (journeyman GnWn)
 15133 | Lair:3   | Found a transporter.
 15133 | Lair:3   | Noticed a boulder beetle
 15141 | Lair:3   | Found a hole to the Spider Nest.
 15171 | Lair:3   | Reached XP level 12. HP: 92/92 MP: 12/12
 15349 | Lair:4   | Noticed a catoblepas
 15362 | Lair:4   | Killed a catoblepas
 15998 | Lair:4   | Noticed a catoblepas
 16019 | Lair:4   | Killed a catoblepas
 16436 | Lair:4   | Found a staircase to the Shoals.
 16496 | Lair:4   | Noticed a five-headed hydra
 16502 | Lair:4   | Killed a two-headed hydra
 16675 | Lair:4   | Noticed a four-headed hydra
 16682 | Lair:4   | Killed a one-headed hydra
 17078 | Lair:4   | Reached skill level 14 in Axes
 17879 | Lair:5   | Noticed an eight-headed hydra
 17879 | Lair:5   | Noticed an eight-headed hydra
 17889 | Lair:5   | Killed a five-headed hydra
 17893 | Lair:5   | Killed a four-headed hydra
 18106 | Lair:5   | Found a runed translucent gate.
 18107 | Lair:5   | Found a runed translucent gate.
 18108 | Lair:5   | Found a runed translucent gate.
 18108 | Lair:5   | Noticed an anaconda
 18109 | Lair:5   | Noticed RealJoeEstevez's ghost (journeyman FoEE)
 18154 | Lair:5   | Noticed a catoblepas
 18187 | Lair:5   | Killed a catoblepas
 18821 | Lair:6   | Entered Level 6 of the Lair of Beasts
 18838 | Lair:6   | Reached XP level 13. HP: 99/101 MP: 13/13
 19904 | Lair:6   | Received a gift from Trog
 20424 | Lair:6   | Reached skill level 15 in Axes
 20456 | Lair:6   | Noticed Sonja
 20458 | Lair:6   | Killed Sonja
 20459 | Lair:6   | Reached skill level 10 in Fighting
 21694 | Lair:6   | Noticed Urug
 21706 | Lair:6   | Killed Urug
 22316 | Lair:6   | Received a gift from Trog
 22335 | Lair:6   | Reached XP level 14. HP: 56/111 MP: 14/14
 22597 | Lair:6   | Found a viscous altar of Jiyva.
 22597 | Lair:6   | Found a staircase to the Slime Pits.
 23296 | Orc:1    | Entered Level 1 of the Orcish Mines
 23981 | Orc:2    | Entered Level 2 of the Orcish Mines
 24108 | Orc:2    | Found a staircase to the Elven Halls.
 24362 | Orc:2    | Paralysed by an ogre mage for 4 turns
 24707 | Orc:2    | Found Sonuch's Magic Scroll Shop.
 24707 | Orc:2    | Found Genn's Armour Emporium.
 24707 | Orc:2    | Found Anasav's General Store.
 24707 | Orc:2    | Found Heunir's Weapon Boutique.
 24750 | Orc:2    | Reached skill level 16 in Axes
 24764 | Orc:2    | Reached skill level 10 in Armour
 24889 | Orc:1    | Reached skill level 10 in Dodging
 25783 | D:11     | You fall into a shaft and drop 3 floors!
 26614 | D:12     | Found Velalaew's Jewellery Shop.
 27166 | D:11     | Identified the ring of Zenizy {rC+ Slay+3}
 27287 | D:11     | Reached ****** piety under Trog
 27804 | D:12     | Gained mutation: Spells you cast and wands you use may
                  | paralyse nearby enemies. [demonic ancestry]
 27804 | D:12     | Reached XP level 15. HP: 119/119 MP: 15/15
 28643 | D:13     | Received a gift from Trog
 29299 | D:13     | Found a gate to the Vaults.
 29933 | D:14     | Found a radiant altar of Vehumet.
 30111 | D:14     | Reached skill level 5 in Evocations
 30865 | D:14     | Identified the +6 long sword "Duefiopus" {antimagic, rF+++
                  | rC- Str-3 Stlth+}
 30963 | D:14     | Identified the Grimoire of Arcane Weapons
 31710 | D:15     | Entered Level 15 of the Dungeon
 31777 | D:15     | Reached skill level 17 in Axes
 31819 | D:15     | Found a staircase to the Depths.
 31856 | D:15     | Received a gift from Trog
 32919 | D:13     | Upgraded the game from 0.27-a0-1181-g5f64966fcc to
                  | 0.27-a0-1184-ge86db4a01e
 33086 | Shoals:1 | Entered Level 1 of the Shoals
 33924 | Shoals:1 | Identified the +10 falchion of Midnight {vamp, rElec rC+++
                  | MP-9 Dex-4}
 34105 | Shoals:1 | HP: 4/181 [merfolk impaler/+2 demon trident of
                  | electrocution (19)]
 34105 | Shoals:1 | Demolished by a merfolk impaler

Illustrated notes

Levels and vault maps discovered:
D:1:      mushboom_english_gardens, layout_loops_cross
D:2:      layout_basic
D:3:      layout_rooms, nicolae_overflow_crystal_walls,
          ebering_ecumenical_altar_hall, serial_shops, shop, minmay_starry_boxes
D:4:      minmay_evil_eye, layout_basic, marbit_many_paths, trog_antimagical,
          minmay_temple_entry_hall, serial_shops,
          nicolae_shop_competitors_out_of_business, sigmund_edmund_badplayer
D:5:      layout_gridville, nicolae_ru_great_annihilating_truth
D:6:      layout_basic, uniq_blork_the_orc, uniq_edmund, uniq_crazy_yiuf_cottage
D:7:      layout_basic, nicolae_sif_muna_condensation, roderic_lattice_a
D:8:      layout_loops_ring, serial_shops,
          nicolae_shop_temple_entry_statues_fountains, uniq_grum
D:9:      layout_long_grid, grunt_temple_overflow_growth_and_decay,
          kennysheep_mini_moat
D:10:     layout_big_octagon, david_lair_shrubbed, orc_0_dummy
D:11:     layout_basic, special_room [special_room_bee]
D:12:     layout_long_grid, serial_shops, nicolae_shop_stone
D:13:     layout_roguey, skrybe_vaults_entry_preservation,
          kennysheep_generic_room_3
D:14:     minmay_the_grid_triangle_9x9_rhombus_full
          [minmay_the_grid_triangle_9x9_corruption,
          minmay_the_grid_triangle_9x9_longest,
          minmay_the_grid_triangle_9x9_pentomino_pain,
          minmay_the_grid_triangle_9x9_shrine,
          minmay_the_grid_triangle_9x9_flanged_cone,
          minmay_the_grid_triangle_9x9_zippers_horizontal,
          minmay_the_grid_triangle_9x9_checkered,
          minmay_the_grid_triangle_9x9_prize_insulated], layout_cave_pods,
          kennysheep_nondescript, fiery_altar_vehumet
D:15:     hangedman_depths_entry_civil_slaughter, layout_cave_pools,
          minmay_misc_feat_pillars, minmay_between
Lair:1:   layout_gridlike, serial_bayou_shore_a
Lair:2:   layout_cave_pods, special_room, lemuel_fruit_tree
Lair:3:   layout_cave_shapes, spider_nest_entry_a, nzn_ghost_randoct,
          minivault_24, minivault_25, serial_bayou_shore_b
Lair:4:   nzn_winding_woodlands_cross [nzn_winding_woodlands_5x15_concentric,
          nzn_winding_woodlands_5x15_sidewinder,
          nzn_winding_woodlands_5x15_default, nzn_winding_woodlands_5x15_garden,
          nzn_winding_woodlands_15x15_boxy_spiral], layout_regular_city,
          shoals_dummy_entry, kilobyte_rumbling_trees
Lair:5:   layout_loops_ring, gammafunk_ghost_split, st_stairs_10
Lair:6:   minmay_lair_end_frog_pond, layout_hall_layers,
          dpeg_slime_entry_enclosed_altar, serial_bayou_lagoon_b, uniq_urug,
          uniq_sonja
Shoals:1: layout_shoals
Orc:1:    layout_diamond_mine
Orc:2:    st_orc_ogre_mass, layout_caves, nicolae_volcano_entry_batcave

Skill      XL: |  1  2  3  4  5  6  7  8  9 10 11 12 13 14 15 |
---------------+----------------------------------------------+-----
Axes           | 3 4 5 6 7 9 10 11 12 13 14 15 16 17 | 17.3
Armour         | 2 4 5 6 8 9 10 11 | 11.2
Dodging        | 2 4 5 6 8 9 10 11 | 11.5
Fighting       | 5 6 7 9 10 11 12 | 12.2
Evocations     | 4 6 |  6.0

Action                   |  1- 3 |  4- 6 |  7- 9 | 10-12 | 13-15 || total
-------------------------+-------+-------+-------+-------+-------++-------
Melee: Hand axe          |   145 |   153 |   145 |       |       ||   443
       Headbutt          |       |       |    51 |   160 |   368 ||   579
       War axe           |       |       |   103 |   520 |  1183 ||  1806
       Trident           |       |       |       |     8 |       ||     8
       Broad axe         |       |       |       |       |   117 ||   117
Invok: Berserk           |     1 |     3 |     5 |    11 |    16 ||    36
       Brothers in Arms  |       |       |       |     1 |     7 ||     8
       Trog's Hand       |       |       |       |       |     3 ||     3
Evoke: Wand              |       |       |       |     1 |    27 ||    28
  Use: Scroll            |       |       |    18 |     7 |     4 ||    29
       Potion            |       |       |       |     1 |     4 ||     5
 Stab: Invisible         |       |       |     2 |       |       ||     2
       Sleeping          |       |       |       |     1 |       ||     1
Armor: Animal skin       |     3 |       |       |       |       ||     3
       Chain mail        |    51 |    65 |   109 |   171 |       ||   396
       Quicksilver drago |       |       |       |   121 |   505 ||   626
Dodge: Dodged            |    52 |    71 |   115 |   401 |  1084 ||  1723

Table legend: (Time is in decaauts)
 A = Elapsed time spent in this place.
 B = Non-inter-level travel time spent in this place.
 C = Inter-level travel time spent in this place.
 D = Time resting spent in this place.
 E = Time spent auto-exploring this place.
 F = Levels seen in this place.
 G = Mean time per level.
                   A        B        C        D        E       F      G
               +--------+--------+--------+--------+--------+-----+--------+
         Total |  34134 |  33044 |   1090 |   7275 |  19833 |  24 | 1422.2 |
       Dungeon |  18872 |  18286 |    586 |   3158 |  12319 |  15 | 1258.1 |
          Lair |  12048 |  11651 |    397 |   3688 |   5895 |   6 | 2008.0 |
        Shoals |   1025 |   1025 |      0 |    200 |    587 |   1 | 1025.0 |
  Orcish Mines |   2187 |   2081 |    106 |    228 |   1032 |   2 | 1093.5 |
               +--------+--------+--------+--------+--------+-----+--------+

Top non-repeatable levels by time:
  Lair:6: 3751 daAuts
    D:14: 2476 daAuts
  Lair:4: 2269 daAuts
  Lair:2: 1745 daAuts
  Lair:1: 1584 daAuts
  Lair:5: 1575 daAuts
     D:4: 1551 daAuts
     D:6: 1532 daAuts
     D:7: 1329 daAuts
    D:11: 1296 daAuts
     D:1: 1273 daAuts
     D:2: 1267 daAuts
    D:13: 1257 daAuts
    D:10: 1175 daAuts
    D:15: 1135 daAuts
